 Dungeon Crawl Stone Soup version 0.18.1-5-g4a78601 (webtiles) character file.

168 oplop the Chiller (level 5, -1/33 HPs)
             Began as an Octopode Ice Elementalist on May 12, 2016.
             Slain by an orc
             ... wielding a +0 flail
              (12 damage)
             ... on level 4 of the Dungeon on May 13, 2016.
             The game lasted 00:07:31 (2585 turns).

oplop the Chiller (Octopode Ice Elementalist)       Turns: 2585, Time: 00:07:32

Health: -1/33      AC:  1    Str:  8    XL:     5   Next: 48%
Magic:  10/10      EV:  7    Int: 17    God:
Gold:   151        SH:  0    Dex: 13    Spells: 3 memorised, 5 levels left

rFire  . . .     SeeInvis .     (no weapon)
rCold  . . .     Gourm    .     (no shield)
rNeg   . . .     Faith    .     (helmet restricted)
rPois  .         Spirit   .     d - amulet of harm
rElec  .         Dismiss  .     (no ring)
rCorr  .         Reflect  .     (no ring)
SustAt .         Harm     +     (no ring)
MR     .....                    (no ring)
Stlth  +++.......               (no ring)
                                (no ring)
                                (no ring)
                                (no ring)

@: very slightly contaminated, not resistant to hostile enchantments, fairly
stealthy
A: almost no armour, amphibious, 8 rings, constrict 8, camouflage 1, gelatinous
body 1
a: no special abilities


You were on level 4 of the Dungeon.
You were not hungry.

You visited 1 branch of the dungeon, and saw 4 of its levels.

You collected 151 gold pieces.

Inventory:

Armour
 h - a +2 shield
Jewellery
 d - an amulet of harm (around mantle)
 p - an uncursed amulet of faith {unknown}
 t - an uncursed amulet of faith {unknown}
Scrolls
 g - 4 scrolls of remove curse {unknown}
 l - 3 scrolls of teleportation {unknown}
 n - a scroll of identify {unknown}
 q - a scroll of noise {unknown}
Potions
 f - 2 potions of heal wounds {unknown}
 i - a potion of invisibility {unknown}
 j - 3 potions of curing {unknown}
 m - a potion of magic {unknown}
 o - a potion of lignification {unknown}
 r - a potion of mutation {unknown}
 s - a potion of flight {unknown}
Books
 a - a book of Frost

   Spells                             Type                      Level
   a - Freeze                         Ice                          1
   b - Throw Frost                    Conjuration/Ice              2
   c - Ozocubu's Armour               Charms/Ice                   3
   d - Throw Icicle                   Conjuration/Ice              4
   e - Summon Ice Beast               Ice/Summoning                4
Comestibles
 b - 3 bread rations
 c - a slice of pizza


   Skills:
 + Level 1.0 Fighting
 - Level 2.0 Dodging
 - Level 2.6 Stealth
 * Level 3.5 Spellcasting
 - Level 1.0 Conjurations
 * Level 0.2 Charms
 * Level 4.7 Ice Magic


You had 5 spell levels left.
You knew the following spells:

 Your Spells              Type           Power        Failure   Level  Hunger
a - Freeze                Ice            ###.         2%          1    None
b - Throw Frost           Conj/Ice       ##....       10%         2    ##.....
c - Ozocubu's Armour      Chrm/Ice       ##......     21%         3    ###....


Dungeon Overview and Level Annotations

Branches:
Dungeon (4/15)             Temple (0/1) D:4

Altars:
Fedhas
Ru
The Shining One


Innate Abilities, Weirdness & Mutations

You cannot wear most types of armour.
You are amphibious.
You can wear up to eight rings at the same time.
You can use your tentacles to constrict eight enemies at once.
Your skin changes colour to match your surroundings (Stealth).
Your rubbery body absorbs attacks (AC +1).


Message History

An orc comes into view. It is wielding a club.
Read which item? (? for menu, Esc to quit)
As you read the scroll labeled ESHONAIZIH, it crumbles to dust.
It is a scroll of recharging.
You aren't carrying any rechargeable items.
Read which item? (? for menu, Esc to quit)
Blink to where?
Press: ? - help, Dir - move target cursor You are very lightly contaminated with residual magic.
As you read the scroll labeled YHUDAL EDWEZY, it crumbles to dust.
It was a scroll of blinking.
An orc comes into view.
The orc priest casts a cantrip, but nothing happens.
The orc shouts! x2
The orc hits you with a club. The orc hits you with a flail!
There is a stone staircase leading up here.
The orc hits you with a mace. The orc barely misses you.
The orc hits you with a flail!
You die...

## .# ...#########.######
........o@.........
###..#####oo##.######
.....##.....##.#
#####..##.#o.oo#.####
....................#
#...##.#.........# #.#
#......#......[..##### #.o
#.#.##.#...............ol##
#.###ยง.....#..............


You could see an orc priest and 5 orcs.

Vanquished Creatures
  A gnoll (D:1)
  7 adders
  2 oozes
  3 worms
  3 dart slugs (D:1)
  2 giant geckos
  An orc (D:3)
  3 ball pythons
  2 giant cockroaches
  5 goblins
  5 hobgoblins
  9 jackals
  2 quokkas (D:2)
  7 bats
  4 giant newts
  6 kobolds
  8 rats
70 creatures vanquished.

Notes
Turn   | Place    | Note
--------------------------------------------------------------
     0 | D:1      | oplop the Octopode Ice Elementalist began the quest for the Orb.
     0 | D:1      | Reached XP level 1. HP: 11/11 MP: 3/3
   139 | D:1      | Reached XP level 2. HP: 18/18 MP: 0/5
   380 | D:1      | Reached XP level 3. HP: 21/22 MP: 6/6
  1062 | D:2      | Reached skill level 1 in Fighting
  1062 | D:2      | Reached skill level 4 in Ice Magic
  1089 | D:2      | Reached XP level 4. HP: 18/28 MP: 5/8
  1355 | D:2      | Learned a level 2 spell: Throw Frost
  1552 | D:3      | Found a sacrificial altar of Ru.
  1552 | D:3      | Found a blossoming altar of Fedhas.
  1554 | D:3      | Found a glowing golden altar of the Shining One.
  1693 | D:3      | Found a faded altar to an unknown god.
  1726 | D:3      | Reached XP level 5. HP: 33/33 MP: 9/9
  1859 | D:3      | Learned a level 3 spell: Ozocubu's Armour
  1873 | D:3      | Found a sacrificial altar of Ru.
  2508 | D:4      | Found a staircase to the Ecumenical Temple.
  2578 | D:4      | Noticed a phantom
  2585 | D:4      | Slain by an orc

Skill      XL: |  1  2  3  4 |
---------------+-------------+-----
Fighting       | 1 |  1.0
Ice Magic      | 4 |  4.7
Spellcasting   | 3 |  3.5
Dodging        | |  2.0
Stealth        | |  2.6
Conjurations   | |  1.0
Charms         | |  0.2

Action                   |  1- 3 |  4- 6 || total
-------------------------+-------+-------++-------
Melee: Unarmed           |    62 |    65 ||   127
       Tentacles         |    15 |    18 ||    33
       Constrict         |    18 |    16 ||    34
 Cast: Freeze            |    14 |    20 ||    34
       Throw Frost       |       |     4 ||     4
       Ozocubu's Armour  |       |     1 ||     1
  Use: Scroll            |       |     2 ||     2
 Stab: Sleeping          |     6 |     7 ||    13
       Distracted        |     1 |       ||     1
  Eat: Chunk             |     1 |     5 ||     6
Armor: Skin              |    14 |    13 ||    27
Dodge: Dodged            |    49 |    54 ||   103
